 Dungeon Crawl Stone Soup version 0.23-a0-636-g0ff6057 (webtiles) character file.

7654 galech the Cleaver (level 10, -16/77 HPs)
             Began as a Demonspawn Fighter on Dec 28, 2018.
             Was a High Priest of Okawaru.
             Hit by a large rock thrown by a stone giant (36 damage)
             ... on level 1 of the Orcish Mines.
             The game lasted 00:11:50 (7922 turns).

galech the Cleaver (Demonspawn Fighter)             Turns: 7922, Time: 00:11:50

Health: -16/77     AC: 18    Str: 17    XL:     10   Next: 99%
Magic:  11/11      EV: 17    Int: 10    God:    Okawaru [*****.]
Gold:   928        SH: 12    Dex: 20    Spells: 9/9 levels left

rFire    + . .     SeeInvis .   p - +2 hand axe (freeze)
rCold    . . .     Gourm    .   c - +1 shield
rNeg     . . .     Faith    .   q - +2 scale mail "Naosar" {rF+ Regen+}
rPois    .         Spirit   .   b - +0 helmet
rElec    .         Reflect  .   F - +0 cloak (curse)
rCorr    +         Harm     .   (no gloves)
MR       .....     NoTele   +   (no boots)
Stlth    ++........             g - amulet of regeneration
HPRegen  1.02/turn              j - +6 ring of evasion
MPRegen  0.12/turn              y - ring "Isim" {rCorr -Tele +Fly Dex+5}

@: sanguine armour
A: talons 2, nightstalker 1, rot immunity, sanguine armour 1
a: Heroism, Finesse, Renounce Religion, Evoke Flight


You were on level 1 of the Orcish Mines.
You worshipped Okawaru.
Okawaru was extremely pleased with you.
You were not hungry.

You visited 3 branches of the dungeon, and saw 12 of its levels.

You collected 1110 gold pieces.
You spent 182 gold pieces at shops.

Inventory:

Hand Weapons
 a - a +0 broad axe of freezing
 i - a +2 falchion of flaming
 p - a +2 hand axe of freezing (weapon)
 K - a +2 hand axe of chopping
Armour
 b - a +0 helmet (worn)
 c - a +1 shield (worn)
 q - the +2 scale mail "Naosar" (worn) {rF+ Regen+}
   (You found it on level 4 of the Dungeon)

   It protects you from fire.
   It increases your rate of regeneration.
 F - a cursed +0 cloak (worn)
Jewellery
 g - an amulet of regeneration (around neck)
 j - a +6 ring of evasion (left hand)
 y - the ring "Isim" (right hand) {rCorr -Tele +Fly Dex+5}
   (You found it on level 7 of the Dungeon)

   [ring of resist corrosion]

   It affects your dexterity (+5).
   It lets you fly.
   It prevents most forms of teleportation.
Wands
 B - a wand of digging (9)
 D - a wand of flame (19)
 E - a wand of disintegration (5)
Scrolls
 e - a scroll of blinking
 k - 5 scrolls of remove curse
 m - a scroll of fog
 n - 6 scrolls of teleportation
 o - 3 scrolls of immolation
 v - 2 scrolls of noise
 x - a scroll of fear
 G - a scroll of amnesia
Potions
 d - 2 potions of might
 h - 2 potions of berserk rage {unknown}
 l - 2 potions of degeneration {unknown}
 r - a potion of ambrosia {unknown}
 u - 2 potions of heal wounds {unknown}
 w - 3 potions of curing {unknown}
 z - a potion of agility {unknown}
 A - a potion of invisibility {unknown}
 C - a potion of lignification {unknown}
 H - a potion of flight {unknown}
 J - a potion of brilliance {unknown}
Comestibles
 f - 23 rations


   Skills:
 + Level 6.6 Fighting
 + Level 9.8 Axes
 + Level 7.0 Armour
 + Level 5.0 Dodging
 + Level 1.1 Stealth
 + Level 7.5 Shields
 + Level 1.4 Invocations


You had 9 spell levels left.
You didn't know any spells.
Your spell library was empty.

Dungeon Overview and Level Annotations

Branches:
Dungeon (9/15)             Temple (1/1) D:4            Lair (0/6) D:9
    Orc (2/2) D:9             Elf (0/3) Orc:2

Altars:
Ashenzari
Cheibriados
Dithmenos
Elyvilon
Fedhas
Gozag
Hepliaklqana
Kikubaaqudgha
Makhleb
Nemelex Xobeh
Okawaru
Qazlal
Ru
Sif Muna
Trog
Uskayaw
Wu Jian
Xom
Yredelemnul
Zin
The Shining One
Beogh

Shops:
D:5 !   D:6 }?[[(   D:7 =

Annotations:
D:8 3 runed doors, Duffy's ghost, novice VSFi


Innate Abilities, Weirdness & Mutations

You have razor-sharp toenails.
You are slightly more attuned to the shadows.
You are immune to rotting.
When seriously injured, your bleeding wounds create armour. (AC +6)


Message History

You now have 928 gold pieces (gained 21).
A stone giant comes into view.
The stone giant shouts!
The stone giant throws a large rock.
The large rock hits you!!!
Ouch! That really hurt!
Your blood congeals into armour.
You see here a large rock.
An orc priest comes into view.
It is wielding a +2 hand axe of electrocution.
The stone giant throws a large rock.
The large rock hits you but does no damage.
There is a stone staircase leading down here.
You see here a large rock.
The orc priest shouts!
You hear a shout! x2
The stone giant throws a large rock.
The large rock hits you!!
* * * LOW HITPOINT WARNING * * *
Found 14 gold pieces.
You see here a large rock.
An ogre comes into view. It is wielding a +0 giant club.
The stone giant throws a large rock.
The large rock hits you!!!
You die...

##...... ##..### ..
.............. #### #
#.......#......$.
#.....o..........
###..##..........#
##...............#
#................#.
#.##....(>(@.....O..
##.#.........C.....##
#...................#
##.#.#..............#
#####...............#
##.##.........##.....#
#.............#....)##
##.....#.............# #
##.................##.##


You could see a stone giant, an ogre (wandering) and an orc priest.

Vanquished Creatures
  2 two-headed ogres (Orc:2)
  Pikel (D:4)
  A queen bee (D:8)
  A hornet (D:7)
  2 hippogriffs
  A steam dragon (D:7)
  A warg (Orc:1)
  A soldier ant (D:9)
  2 porcupines (D:9)
  A black bear (D:9)
  A sky beast (D:6)
  2 orc warriors
  An ice beast (D:7)
  3 slaves (D:4)
  A hornet zombie (D:7)
  2 phantoms
  11 ogres
  4 centaurs
  2 big kobolds
  6 bullfrogs
  A wyvern zombie (D:7)
  16 killer bees
  2 scorpions
  4 wights (D:8)
  3 howler monkeys (D:8)
  3 crimson imps
  2 bullfrog zombies (D:9)
  A quasit (D:8)
  3 hounds
  2 jellies
  2 orc priests
  An orc wizard (D:7)
  2 iguanas
  7 worker ants
  2 hound zombies
  A hound skeleton (D:3)
  Robin (D:4)
  3 gnolls (D:8)
  7 adders
  2 shadow imps
  9 oozes
  An adder skeleton (D:7)
  A worm (D:5)
  3 dart slugs
  A leopard gecko (D:5)
  28 orcs
  2 ball pythons
  3 bats
  4 giant cockroaches
  13 goblins
  4 hobgoblins
  25 jackals
  24 kobolds
  2 quokkas
  7 frilled lizards
  A jackal zombie (D:6)
  A quokka zombie (D:7)
  A rat (D:1)
241 creatures vanquished.

Vanquished Creatures (others)
  A fungus (D:2)
  12 toadstools (D:2)
13 creatures vanquished.

Grand Total: 254 creatures vanquished

Notes
Turn   | Place    | Note
-------+----------+-------------------------------------------
     0 | D:1      | galech the Demonspawn Fighter began the quest for the Orb.
     0 | D:1      | Reached XP level 1. HP: 18/18 MP: 1/1
     1 | D:1      | Noticed an electric eel
   120 | D:1      | Gained mutation: When seriously injured, your bleeding
                  | wounds create armour. (AC +6) [demonic ancestry]
   120 | D:1      | Reached XP level 2. HP: 23/24 MP: 2/2
   177 | D:1      | Reached skill level 2 in Axes
   674 | D:2      | Found a shadowy altar of Dithmenos.
   779 | D:2      | Found a shimmering altar of Xom.
   810 | D:2      | Found a burning altar of Makhleb.
   829 | D:2      | Found a stormy altar of Qazlal.
   836 | D:2      | Gained mutation: You are immune to rotting. [demonic
                  | ancestry]
   836 | D:2      | Reached XP level 3. HP: 27/29 MP: 3/3
   947 | D:2      | Reached skill level 1 in Dodging
   957 | D:2      | Gained mutation: You have sharp toenails. [demonic
                  | ancestry]
   957 | D:2      | Reached XP level 4. HP: 35/35 MP: 4/4
   969 | D:2      | Reached skill level 3 in Axes
  1334 | D:2      | Reached XP level 5. HP: 35/41 MP: 5/5
  1939 | D:4      | Noticed a slave
  1939 | D:4      | Noticed Robin
  1940 | D:4      | Noticed a slave
  1941 | D:4      | Noticed a slave
  1943 | D:4      | Noticed a slave
  1943 | D:4      | Noticed Pikel
  2007 | D:4      | Killed a slave
  2027 | D:4      | Killed a slave
  2035 | D:4      | Killed Robin
  2043 | D:4      | Killed a slave
  2142 | D:4      | Got a crude scale mail
  2153 | D:4      | Identified the +2 scale mail "Naosar" {rF+ Regen+} (You
                  | found it on level 4 of the Dungeon)
  2158 | D:4      | Noticed an ogre
  2168 | D:4      | Killed an ogre
  2168 | D:4      | Reached XP level 6. HP: 48/48 MP: 6/6
  2196 | D:4      | Found a staircase to the Ecumenical Temple.
  2205 | Temple   | Entered the Ecumenical Temple
  2362 | Temple   | Became a worshipper of Warmaster Okawaru
  2396 | D:4      | Reached skill level 4 in Axes
  2489 | D:4      | Killed Pikel
  2489 | D:4      | Reached * piety under Okawaru
  2489 | D:4      | Reached skill level 5 in Axes
  2489 | D:4      | Reached XP level 7. HP: 43/54 MP: 7/7
  2882 | D:5      | Entered Level 5 of the Dungeon
  3041 | D:5      | Found a hide-covered altar of Uskayaw.
  3041 | D:5      | Noticed a +0 dagger
  3042 | D:5      | Noticed a +0 dagger
  3056 | D:5      | Found Dappalit's Distillery.
  3078 | D:5      | Reached ** piety under Okawaru
  3078 | D:5      | Reached XP level 8. HP: 52/61 MP: 8/8
  3266 | D:5      | Found a blossoming altar of Fedhas.
  3736 | D:6      | Found Zeisoom Jod's Armour Emporium.
  3752 | D:6      | Found Yschub's Armour Emporium.
  3838 | D:6      | Found Qiotreh's Magic Scroll Emporium.
  3875 | D:6      | Found a hide-covered altar of Uskayaw.
  3880 | D:6      | Found Jonyw's Gadget Boutique.
  3891 | D:6      | Reached skill level 6 in Axes
  4040 | D:6      | Found a shattered altar of Ashenzari.
  4080 | D:6      | Found a snail-covered altar of Cheibriados.
  4080 | D:6      | Found Aqueryn's Antique Weapon Shoppe.
  4093 | D:6      | Bought a glowing broad axe for 182 gold pieces
  4191 | D:6      | Found a bloodstained altar of Trog.
  4228 | D:6      | Found a glowing golden altar of the Shining One.
  4283 | D:7      | Reached skill level 5 in Shields
  4372 | D:7      | Found a glowing silver altar of Zin.
  4391 | D:7      | Reached skill level 5 in Armour
  4462 | D:7      | Got a heavily runed steel ring
  4463 | D:7      | Identified the ring "Isim" {rCorr -Tele +Fly Dex+5} (You
                  | found it on level 7 of the Dungeon)
  4508 | D:7      | Noticed a hornet
  4538 | D:7      | Killed a hornet
  4610 | D:7      | Gained mutation: You are slightly more attuned to the
                  | shadows. [demonic ancestry]
  4610 | D:7      | Reached XP level 9. HP: 59/67 MP: 9/9
  4743 | D:7      | Reached skill level 5 in Fighting
  4888 | D:7      | Reached *** piety under Okawaru
  4888 | D:7      | Reached skill level 7 in Axes
  4947 | D:7      | Found Gysyxag's Jewellery Shoppe.
  5209 | D:8      | Found a runed gate.
  5209 | D:8      | Found a runed gate.
  5210 | D:8      | Found a runed gate.
  5212 | D:8      | Noticed Duffy's ghost (novice VSFi)
  5463 | D:8      | Reached **** piety under Okawaru
  5480 | D:8      | Reached skill level 8 in Axes
  5961 | D:8      | Gained mutation: You have razor-sharp toenails. [demonic
                  | ancestry]
  5961 | D:8      | Reached XP level 10. HP: 60/76 MP: 10/10
  6186 | D:9      | Reached skill level 1 in Invocations
  6569 | D:9      | Reached ***** piety under Okawaru
  6603 | D:9      | Found an ornate altar of the Wu Jian Council.
  6635 | D:9      | Reached skill level 9 in Axes
  6669 | D:9      | Found a staircase to the Orcish Mines.
  6966 | D:9      | Found a staircase to the Lair.
  7446 | Orc:1    | Entered Level 1 of the Orcish Mines
  7542 | Orc:2    | Entered Level 2 of the Orcish Mines
  7549 | Orc:2    | Found a roughly hewn altar of Beogh.
  7673 | Orc:2    | Found a staircase to the Elven Halls.
  7710 | Orc:2    | Found a dark tunnel.
  7745 | Orc:2    | Noticed a two-headed ogre
  7746 | Orc:2    | Noticed a two-headed ogre
  7759 | Orc:2    | Killed a two-headed ogre
  7759 | Orc:2    | Reached skill level 1 in Stealth
  7762 | Orc:2    | Killed a two-headed ogre
  7762 | Orc:2    | Received a gift from Okawaru
  7765 | Orc:2    | Noticed a two-headed ogre
  7795 | Orc:1    | Reached skill level 5 in Dodging
  7918 | Orc:1    | Noticed a stone giant
  7922 | Orc:1    | Hit by a large rock thrown by a stone giant

Vault maps used:
D:1:      arrival_aquarium_a
D:2:      cheibrodos_fertilizer, minitemple, lemuel_doored_altar,
          grunt_dithmenos_smoke, first_ration
D:3:      minmay_evil_eye
D:4:      minmay_temple_entry_statues_pillars, chequers_serial_rivers_micro_e,
          uniq_pikel, uniq_robin
D:5:      nicolae_overflow_hidden_temple, dancing_weapons_uskayaw, serial_shops,
          nicolae_shop_stone, fedhas_altar_1
D:6:      lightli_temple_of_fire, kennysheep_slug_shrine, kennysheep_little_box,
          lemuel_coloured_pillars_altar, basic_altar, serial_shops,
          nicolae_shop_trees, shop, shop_statue, shop, kennysheep_mini_moat
D:7:      kennysheep_mini, serial_shops, shop
D:8:      ebering_ghost_rock_garden
D:9:      lemuel_crystal_altar, grunt_lair_entry_orc_guard_hut, david_orc_2,
          grunt_decor_clamped, david_nohive_1
Temple:   chequers_temple_sunken
Orc:2:    st_orc_ogre_mass, nicolae_volcano_entry_lava_flow, basic_altar,
          bh_open_orc_temple, uniq_rupert

Skill      XL: |  1  2  3  4  5  6  7  8  9 10 |
---------------+-------------------------------+-----
Armour         | 3 4 5 6 7 |  7.0
Axes           | 2 3 5 6 8 9 |  9.8
Dodging        | 1 2 3 4 5 |  5.0
Shields        | 3 4 5 6 7 |  7.5
Fighting       | 4 6 |  6.6
Invocations    | 1 |  1.4
Stealth        | 1 |  1.1

Action                   |  1- 3 |  4- 6 |  7- 9 | 10-12 || total
-------------------------+-------+-------+-------+-------++-------
Melee: War axe           |   108 |    41 |       |       ||   149
       Kick              |       |    48 |   135 |    97 ||   280
       Hand axe          |       |   190 |   400 |   229 ||   819
Invok: Heroism           |       |       |     1 |     2 ||     3
  Use: Scroll            |       |     4 |     3 |     4 ||    11
  Eat: Chunk             |       |     6 |    11 |     7 ||    24
Armor: Scale mail        |    70 |    37 |    82 |    41 ||   230
       Chain mail        |       |    22 |       |       ||    22
Dodge: Dodged            |    67 |   113 |   241 |   179 ||   600
Block: Shield            |    48 |    87 |   177 |   145 ||   457

Table legend:
 A = Non-vault XP
 B = Vault XP
 C = Vault XP percentage of total XP
 D = Non-vault monster count
 E = Vault monster count
 F = Vault count percentage of total count
                 A         B        C        D         E       F
            +---------+---------+-------+---------+---------+-------
      Total |    6019 |    4916 |  45.0 |     171 |      67 |  28.2
            +---------+---------+-------+---------+---------+-------
        D:1 |      36 |       0 |   0.0 |      20 |       0 |   0.0
        D:2 |      74 |     108 |  59.3 |       7 |      16 |  69.6
        D:3 |      54 |      14 |  20.6 |      14 |       2 |  12.5
        D:4 |     318 |     664 |  67.6 |      25 |      13 |  34.2
        D:5 |     267 |       0 |   0.0 |      12 |       0 |   0.0
        D:6 |     425 |       4 |   0.9 |      14 |       1 |   6.7
        D:7 |    1891 |       0 |   0.0 |      28 |       0 |   0.0
        D:8 |    1441 |     986 |  40.6 |      21 |      12 |  36.4
        D:9 |     984 |     965 |  49.5 |      26 |      18 |  40.9
      Orc:1 |     170 |     121 |  41.6 |       1 |       1 |  50.0
      Orc:2 |     359 |    2054 |  85.1 |       3 |       4 |  57.1
            +---------+---------+-------+---------+---------+-------
